 Dungeon Crawl Stone Soup version 0.30-a0-6-g7c9e10e132 (webtiles) character file.

Game seed: 15097378473804568424

14 drugrobin the Sneak (level 2, -3/37 HPs)
             Began as a Demigod Delver on Aug 22, 2022.
             Slain by Pargi (6 damage)
             ... in a sewer.
             The game lasted 00:01:55 (253 turns).

drugrobin the Sneak (Demigod Delver)                 Turns: 253, Time: 00:01:56

Health: -3/37      AC: 11    Str: 13    XL:     2   Next: 18%
Magic:  4/4        EV:  6    Int: 12    God:
Gold:   0          SH:  0    Dex: 15    Spells: 1/1 levels left

rFire   . . .      SeeInvis .    a - +0 short sword
rCold   . . .      Faith    .    (no shield)
rNeg    . . .      Spirit   .    l - +0 chain mail
rPois   .          Reflect  .    (no helmet)
rElec   .          Harm     .    j - +2 cloak {Will+}
rCorr   .          Rampage  .    (no gloves)
Will    +....                    (no boots)
Stlth   ..........               (no amulet)
HPRegen 0.12/turn                (no ring)
MPRegen 0.09/turn                (no ring)

@: berserking, very quick
A: high MP 1, forlorn, divine attributes
a: no special abilities


You were in a sewer.
You visited 1 branch of the dungeon, and saw 2 of its levels.
You also visited: Sewer.

Inventory:

Hand Weapons
 a - a +0 short sword (weapon)
 b - a +0 arbalest
Armour
 h - a +0 leather armour
 j - a +2 cloak of willpower (worn)
 l - a +0 chain mail (worn)
Wands
 g - a wand of digging (3)
Scrolls
 c - a scroll of fog
 d - a scroll of magic mapping
 e - a scroll of fear
 i - a scroll of identify {unknown}
 k - a scroll of blinking {unknown}


   Skills:
 + Level 2.9 Fighting
 + Level 2.0 Short Blades
 + Level 2.0 Dodging
 + Level 4.6 Stealth


You had one spell level left.
You didn't know any spells.
Your spell library was empty.

Dungeon Overview and Level Annotations

Branches:
Dungeon (5/15)              Sewer (1/1)
 Temple: D:4-7

Annotations:
Sewer Pargi


Innate Abilities, Weirdness & Mutations

You have an increased reservoir of magic. (+10% MP)
You shall have no god before yourself.
Your divine heritage dramatically boosts your attributes as you level up.


Message History

Unknown command.
Unknown command.
f - a potion of berserk rage Unknown command.
Unknown command.
You feel yourself slow down.
Fire: b) +0 arbalest
Press: ? - help, Q - select action Shift-Dir - straight line, f - Pargi
Aim: Pargi (43% to hit)
You shoot a bolt. The bolt hits Pargi!
Pargi is moderately wounded.
Unknown command.
a - a +0 short sword (weapon)
Pargi bites you but does no damage. Pargi barely misses you.
Pargi claws you but does no damage.
A red film seems to cover your vision as you go berserk!
You feel yourself moving faster!
You feel mighty! Pargi bites you.
* * * LOW HITPOINT WARNING * * *
Pargi claws you but does no damage. x2
You closely miss Pargi.
Pargi is moderately wounded.
Pargi bites you.
* * * LOW HITPOINT WARNING * * *
Pargi claws you but does no damage. x2
You hit Pargi.
Pargi is moderately wounded.
Unknown command.
Unknown command.
You hit Pargi.
Pargi is moderately wounded.
Pargi bites you.
* * * LOW HITPOINT WARNING * * *
Pargi barely misses you. Pargi closely misses you.
Unknown command.
Unknown command.
Unknown command.
You puncture Pargi!
Pargi is severely wounded.
Pargi bites you.
You die...

#∩ #.# #.# #.#
####### #.#
##.....## #.#
##...≈...##
#.#######...≈≈≈...##
#....T@....≈≈≈≈≈.†∩#
#.#######...≈≈≈...##
#.# ##...≈...## #T#
##.....## #.#
####### ... .....
....... #.......#


You could see Pargi.

Vanquished Creatures
  An adder (D:5)
  2 bats (Sewer)
  2 endoplasms (D:4)
5 creatures vanquished.

Notes
Turn   | Place    | Note
-------+----------+-------------------------------------------
     0 | D:5      | drugrobin the Demigod Delver began the quest for the Orb.
     0 | D:5      | Reached XP level 1. HP: 18/18 MP: 3/3
    21 | D:4      | Noticed an orc priest
    22 | D:4      | Noticed an orc priest
    50 | D:5      | Noticed an iguana
   137 | D:5      | Found a glowing drain.
   191 | D:5      | Reached XP level 2. HP: 7/25 MP: 4/4
   206 | Sewer    | Entered a sewer
   236 | Sewer    | Noticed Pargi
   253 | Sewer    | Slain by Pargi

Illustrated notes

Levels and vault maps discovered:
D:4:      layout_cave_pools, mainiacjoe_overflow_alcove_2,
          kennysheep_cross_room, minmay_manual_mess
D:5:      minmay_goblin_kobold_castle, layout_loops_ring, lemuel_crystal_altar,
          nicolae_ashenzari_skybound, gup_sewer_entry_glass,
          chequers_serial_rivers_large_b
Sewer:    sewer_big_baddie

Skill      XL: |  1 |
---------------+----+-----
Short Blades   | 2 |  2.0
Dodging        | 2 |  2.0
Fighting       | |  2.9
Stealth        | |  4.6

Action                   || total
-------------------------++-------
Melee: Short sword       ||    22
 Fire: Arbalest          ||     1
  Use: Potion            ||     2
 Stab: Sleeping          ||     2
Armor: Chain mail        ||    20
Dodge: Dodged            ||    12

Table legend: (Time is in decaauts)
 A = Elapsed time spent in this place.
 B = Non-inter-level travel time spent in this place.
 C = Inter-level travel time spent in this place.
 D = Time resting spent in this place.
 E = Time spent auto-exploring this place.
 F = Levels seen in this place.
 G = Mean time per level.
                   A        B        C        D        E       F      G
               +--------+--------+--------+--------+--------+-----+--------+
         Total |    254 |    254 |      0 |      0 |      0 |   3 |   84.7 |
       Dungeon |    220 |    220 |      0 |      0 |      0 |   2 |  110.0 |
         Sewer |     33 |     33 |      0 |      0 |      0 |   1 |   33.0 |
               +--------+--------+--------+--------+--------+-----+--------+

Top non-repeatable levels by time:
     D:5: 199 daAuts
   Sewer: 33 daAuts
     D:4: 20 daAuts
